 Dungeon Crawl Stone Soup version 0.24-a0-416-g56ce5178b7 (webtiles) character file.

Game seed: 1846712465922614093

49 Lanoc the Ducker (level 3, 0/17 HPs)
             Began as a Felid Chaos Knight on June 9, 2019.
             Was a Plaything of Xom.
             Hit by a stone thrown by a kobold (1 damage)
             ... on level 2 of the Dungeon.
             The game lasted 00:02:44 (978 turns).

Lanoc the Ducker (Felid Chaos Knight)                Turns: 978, Time: 00:02:45

Health: 0/17       AC: -1    Str: 12    XL:     3   Next: 51%
Magic:  4/4        EV: 19    Int: 14    God:    Xom [..*...]
Gold:   33         SH:  0    Dex: 15    Spells: 2/2 levels left
                                        Lives:  0   Deaths: 0

rFire    . . .     SeeInvis +     - Unarmed
rCold    . . .     Gourm    .   (shield unavailable)
rNeg     . . .     Faith    .   (armour unavailable)
rPois    .         Spirit   .   (helmet unavailable)
rElec    .         Reflect  .   (cloak unavailable)
rCorr    .         Harm     .   (gloves unavailable)
MR       .....                  (boots unavailable)
Stlth    ++........             (no amulet)
HPRegen  0.05/turn              d - -2 ring of protection
MPRegen  0.09/turn              c - +4 ring of strength

@: quick
A: very small, no armour, no weapons or thrown items, stealth, claws 1, fangs 3,
see invisible, carnivore, speed 1, shaggy fur 1, slow metabolism 1, sharp paws
a: Renounce Religion


You were on level 2 of the Dungeon.
You worshipped Xom.
You were a toy of Xom.
You were very full.

You visited 1 branch of the dungeon, and saw 2 of its levels.

You collected 33 gold pieces.

Inventory:

Jewellery
 c - a +4 ring of strength (right paw)
 d - a -2 ring of protection (left paw)
 e - a +5 ring of intelligence
Comestibles
 a - 2 rations


   Skills:
 + Level 3.4 Fighting
 + Level 3.9 Dodging
 * Level 3.8 Unarmed Combat


You had 2 spell levels left.
You didn't know any spells.
Your spell library was empty.

Dungeon Overview and Level Annotations

Branches:
Dungeon (2/15)

Altars:


Innate Abilities, Weirdness & Mutations

You cannot wear armour.
You are incapable of wielding weapons or throwing items.
Your paws allow you to move quietly. (Stealth)
You have sharp claws.
You have razor-sharp teeth.
You have supernaturally acute eyesight. (SInv)
You are carnivorous and can eat meat at any time.
You cover ground quickly.
You are covered in fur. (AC +1)
You have a slow metabolism.
Your sharp claws are effective at attacking unaware monsters.


Message History

You barely miss the hobgoblin.
The hobgoblin is severely wounded.
The hobgoblin barely misses you.
You scratch the hobgoblin but do no damage.
The hobgoblin is severely wounded.
The hobgoblin misses you.
You claw the hobgoblin!
You kill the hobgoblin!
Things that are here:
a +0 club; a hobgoblin corpse
* * * LOW HITPOINT WARNING * * *
You feel sick.
A kobold comes into view. It is wielding a +0 dagger of venom.
* * * LOW HITPOINT WARNING * * *
You feel sick.
You are no longer poisoned.
The kobold shouts!
The kobold throws a stone.
The stone hits you.
You die... "Boring in life, boring in death..."

#.# #.# #K#
##########.#
#$....).##.#
#....##.##.#
#....##.##.#
#.....#.##.#
#...†.#..@.#
#.....######
#.....#<#
#.....#.#
#.....#.#
#.......#
#....####
######


You could see a kobold.

Vanquished Creatures
  An adder (D:2)
  2 dart slugs (D:1)
  2 leopard geckos (D:1)
  A giant cockroach (D:1)
  4 goblins (D:1)
  3 hobgoblins
  4 jackals (D:1)
  3 kobolds (D:1)
  2 ball pythons (D:1)
  A bat (D:1)
  5 frilled lizards (D:1)
  3 rats (D:1)
31 creatures vanquished.

Notes
Turn   | Place    | Note
-------+----------+-------------------------------------------
     0 | D:1      | Lanoc the Felid Chaos Knight began the quest for the Orb.
     0 | D:1      | Reached XP level 1. HP: 10/10 MP: 2/2
    34 | D:1      | Reached XP level 2. HP: 5/14 MP: 3/3
    39 | D:1      | XOM: butterfly on damage
    39 | D:1      | XOM: smoke on damage
   150 | D:1      | XOM: divination: detect creatures
   177 | D:1      | XOM: butterfly on damage
   574 | D:1      | Reached XP level 3. HP: 17/17 MP: 4/4
   706 | D:1      | XOM: harmless Erth miscast
   812 | D:1      | XOM: silly message
   978 | D:2      | Hit by a stone thrown by a kobold

Levels and vault maps discovered:
D:1:      dpeg_arrival_simpleton_a, layout_rooms, minmay_lizard_king
D:2:      layout_basic, lemuel_crystal_altar, nicolae_overflow_hidden_temple,
          kennysheep_generic_room_5

Action                   || total
-------------------------++-------
Melee: Unarmed           ||    91
       Bite              ||     6
  Use: Scroll            ||     4
       Potion            ||     1
 Stab: Sleeping          ||     1
  Eat: Chunk             ||     7
Armor: Skin              ||     3
Dodge: Dodged            ||    76

Table legend:
 A = Non-vault XP
 B = Vault XP
 C = Vault XP percentage of total XP
 D = Non-vault monster count
 E = Vault monster count
 F = Vault count percentage of total count
                 A         B        C        D         E       F
            +---------+---------+-------+---------+---------+-------
      Total |      62 |       8 |  11.4 |      25 |       6 |  19.4
            +---------+---------+-------+---------+---------+-------
        D:1 |      46 |       8 |  14.8 |      23 |       6 |  20.7
        D:2 |      16 |       0 |   0.0 |       2 |       0 |   0.0
            +---------+---------+-------+---------+---------+-------
